 Dungeon Crawl Stone Soup version 0.16-b1 (webtiles) character file.

686 Zapata the Basher (level 7, -2/40 (41) HPs)
             Began as a Kobold Berserker on Mar 15, 2015.
             Was a Priest of Trog.
             Slain by an orc (3 damage)
             ... on level 5 of the Dungeon.
             The game lasted 00:05:06 (4377 turns).

Zapata the Basher (Kobold Berserker)                Turns: 4377, Time: 00:05:06

HP:   -2/40 (41)    AC:  3    Str: 20    XL:     7   Next: 94%
MP:   7/7           EV: 15    Int:  5    God:    Trog [***...]
Gold: 183           SH:  0    Dex: 18    Spells: 0 memorised, 6 levels left

rFire  . . .     SeeInvis .     a - +1 mace
rCold  . . .     Clarity  .     b - +1 animal skin
rNeg   . . .     SustAb   .     (no shield)
rPois  .         Gourm    .     (no helmet)
rElec  .         Spirit   .     (no cloak)
rCorr  .         Warding  .     (no gloves)
rMut   .         Rnd*Tele +     (no boots)
MR     .....                    (no amulet)
Stlth  ++........               (no ring)
                                v - ring of teleportation (curse)

@: mighty, exhausted, slowed, very slow, not resistant to hostile enchantments,
unstealthy
A: carnivore 3
a: Burn Spellbooks, Berserk, Trog's Hand, Renounce Religion, Evoke Teleportation


You were on level 5 of the Dungeon.
You worshipped Trog.
Trog was most pleased with you.
You were not hungry.

You visited 1 branch of the dungeon, and saw 5 of its levels.

You collected 183 gold pieces.

Inventory:

Hand weapons
 a - a +1 mace (weapon)
Missiles
 d - 18 bolts
 k - 7 poisoned bolts
Armour
 b - a +1 animal skin (worn)
Jewellery
 r - an uncursed ring of fire
 v - a cursed ring of teleportation (left hand)
Magical devices
 u - a wand of flame (31)
Scrolls
 f - 3 scrolls of magic mapping
 g - 3 scrolls of immolation
 h - 3 scrolls of recharging
 j - 2 scrolls of teleportation
 o - 2 scrolls of amnesia
Potions
 l - 2 potions of resistance
 n - 2 potions of poison
 q - a potion of curing {unknown}
 s - a potion of decay
Comestibles
 c - 2 meat rations


   Skills:
 - Level 3.2 Fighting
 + Level 8.7 Maces & Flails
 - Level 1.5 Armour
 - Level 2.4 Dodging


You had 6 spell levels left.
You didn't know any spells.

Dungeon Overview and Level Annotations

Branches:
Dungeon (5/15)
 Temple: D:4-7

Altars:
Qazlal
Ru


Innate Abilities, Weirdness & Mutations

You are small and have problems with some larger weapons.
You are carnivorous and can eat meat at any time.


Message History

You hit the orc priest.
The orc priest is lightly wounded.
The giant gecko skeleton bites you.
The orc priest hits you but does no damage.
The orc hits you.
* * * LOW HITPOINT WARNING * * *
The orc completely misses you. The orc barely misses you. The rat misses you.
The giant gecko skeleton bites you but does no damage.
The orc priest utters an invocation to Beogh.
You feel a wave of unholy energy pass over you.
You barely miss the orc priest.
The orc priest is lightly wounded.
The orc completely misses you. The orc hits you but does no damage.
The orc closely misses you. The rat bites you but does no damage.
The giant gecko skeleton misses you.
The orc priest mumbles some strange prayers to Beogh against you.
Something smites you!
* * * LOW HITPOINT WARNING * * *
The orc hits you.
You die...

#......+..........#
#.#.####..........#
#.#.####..........# # #
#....'..........#
##.###+######..........#
..........# #...........
..........# #.........##
#......rZ..# #.........#
#......o@..# ####'###'##
#......ooo.# #.# #.#
.......K?.# #.###.#
..........# #.....###
..........# #######..
.........# #.. ........#
#.. ######## #.. #..


You could see an orc priest, 3 orcs, a kobold, a rat and a giant gecko skeleton.

Vanquished Creatures
  Purgy (D:4)
  Duvessa (D:4)
  A centaur (D:5)
  Dowan (D:4)
  A crimson imp (D:5)
  2 hounds (D:4)
  6 worker ants
  3 adders
  4 gnolls
  3 worms
  3 adder skeletons
  2 giant geckos
  2 oozes
  10 orcs
  6 goblins
  11 hobgoblins
  3 jackals (D:1)
  7 kobolds
  A quokka (D:2)
  10 bats
  5 giant cockroaches
  A giant gecko skeleton (D:4)
  7 giant newts
  4 rats
95 creatures vanquished.

Vanquished Creatures (others)
  A rat (D:3)
1 creature vanquished.

Grand Total: 96 creatures vanquished

Notes
Turn   | Place    | Note
--------------------------------------------------------------
     0 | D:1      | Zapata, the Kobold Berserker, began the quest for the Orb.
     0 | D:1      | Reached XP level 1. HP: 14/14 MP: 1/1
    66 | D:1      | Reached XP level 2. HP: 4/19 MP: 2/2
   380 | D:1      | Reached skill level 4 in Maces & Flails
   380 | D:1      | Reached XP level 3. HP: 18/23 MP: 3/3
  1609 | D:2      | Reached XP level 4. HP: 18/28 MP: 4/4
  1672 | D:3      | Found a stormy altar of Qazlal.
  1710 | D:3      | Reached skill level 5 in Maces & Flails
  2109 | D:3      | Reached XP level 5. HP: 19/32 MP: 5/5
  2200 | D:3      | Acquired Trog's second power
  2566 | D:4      | Found a sacrificial altar of Ru.
  2626 | D:4      | Reached skill level 6 in Maces & Flails
  2699 | D:4      | Reached XP level 6. HP: 31/37 MP: 6/6
  2835 | D:4      | Noticed Duvessa
  2835 | D:4      | Noticed Dowan
  2843 | D:4      | Killed Duvessa
  2852 | D:4      | Killed Dowan
  2852 | D:4      | Reached skill level 7 in Maces & Flails
  3170 | D:4      | Reached XP level 7. HP: 19/36 MP: 7/7
  3476 | D:4      | Noticed Purgy
  3487 | D:4      | Killed Purgy
  3646 | D:4      | Reached skill level 8 in Maces & Flails
  3787 | D:5      | Entered Level 5 of the Dungeon
  4377 | D:5      | HP: 1/40 [orc priest/divine providence (12)]
  4377 | D:5      | Slain by an orc

Action                   |  1- 3 |  4- 6 |  7- 9 || total
-------------------------+-------+-------+-------++-------
Melee: Mace              |    99 |   181 |    80 ||   360
Invok: Berserk           |     1 |     4 |     5 ||    10
       Trog's Hand       |       |     1 |     1 ||     2
  Use: Scroll            |       |     8 |     2 ||    10
       Potion            |       |     4 |     3 ||     7
 Stab: Sleeping          |       |     2 |       ||     2
  Eat: Chunk             |     4 |    13 |     2 ||    19
       Meat ration       |       |       |     1 ||     1
